AoeStats
← Alejandro

Arena

507916336Analyzed
1v1 RM · 12d ago on Sep 20, 2026· 35m 48s· 2 players
Game mode
Random Map
Map size
Tiny (2 player)
Population
200
Speed
Normal
Resources
Standard
Victory
Conquest
Starting age
Dark Age
Ending age
Imperial Age
RankedLock teamsTeams togetherTeam positionsShared explorationLock speedFull tech treeHidden civsTurbo modeCheats
Victory
Defeat
🇨🇳 Wei · China
1116
+16
🇨🇴 Chinese · Colombia
1112
-30
Alejandro
0:27 Loom
10:29 Feudal Age
16:06 Castle Age
14:28 Double-Bit Axe
14:38 Horse Collar
15:54 Padded Archer Armor
16:15 Gold Mining
17:14 Crossbowman
21:50 Fletching
26:44 Ballistics
27:22 Wheelbarrow
31:08 Imperial Age
29:14 Bow Saw
29:10 Bodkin Arrow
29:17 Pikeman
30:46 Leather Archer Armor
30:35 Scale Mail Armor
30:42 Squires
30:28 Arson
33:10 Chemistry
32:20 Arbalester
33:25 Bracer
35:45 Ring Archer Armor
35:45 Chain Mail Armor
NTM.aoematias
10:49 Feudal Age
11:27 Double-Bit Axe
11:23 Horse Collar
14:25 Castle Age
14:36 Wheelbarrow
15:21 Bow Saw
21:52 Heavy Plow
22:59 Gold Mining
27:45 Imperial Age
25:02 Loom
25:02 Town Watch
25:36 Stone Mining
26:25 Gold Shaft Mining
25:49 Fletching
26:42 Bodkin Arrow
27:09 Ballistics
27:04 Padded Archer Armor
27:23 Hand Cart
27:51 Stone Shaft Mining
27:40 Bloodlines
27:30 Husbandry
27:55 Husbandry
28:18 Leather Archer Armor
28:27 Bracer
29:44 Chemistry
29:54 Ring Archer Armor
29:34 Scale Barding Armor
30:06 Forging
30:49 Thumb Ring
31:13 Parthian Tactics
31:32 Chain Barding Armor
32:06 Iron Casting
30:57 Heavy Hei Guang Cavalry
32:41 Ming Guang Armor
32:39 Light Cavalry
34:40 Blast Furnace
34:56 Scale Mail Armor
Connection lost

Rejoining the realm…

Still unreachable

The connection could not be restored.

Session expired

The server has moved on; the page needs a fresh start.